 Dungeon Crawl Stone Soup version 0.14-a0-1585-g835621a (webtiles) character file.

160 Jenx the Chiller (level 4, -1/24 HPs)
             Began as a Deep Elf Ice Elementalist on Dec 22, 2013.
             Slain by an orc
             ... wielding a -1,+0 orcish war axe
              (10 damage)
             ... on Level 2 of the Dungeon.
             The game lasted 00:09:12 (2005 turns).

Jenx the Chiller (Deep Elf Ice Elementalist)        Turns: 2005, Time: 00:09:12

HP  -1/24        AC  2     Str  5      XL: 4   Next: 56%
MP   3/13        EV 13     Int 21      God:
Gold 53          SH  0     Dex 15      Spells:  2 memorised,  6 levels left

rFire  . . .     SeeInvis .     a - +1 dwarf short sword
rCold  . . .     Clarity  .     e - +0 elf robe
rNeg   . . .     Conserve .     (no shield)
rPois  .         rCorr    .     (no helmet)
rElec  .         rRot     .     (no cloak)
SustAb . .       Spirit   .     (no gloves)
rMut   .         Warding  .     (no boots)
Saprov . . .     Stasis   .     (no amulet)
                                (no ring)
                                (no ring)

@: slightly resistant to hostile enchantments, fairly stealthy
A: no striking features
a: no special abilities


You were on level 2 of the Dungeon.
You were hungry.

You visited 1 branch of the dungeon, and saw 3 of its levels.

You collected 53 gold pieces.

Inventory:

Hand weapons
 a - a +1,+1 dwarven short sword (weapon)
Missiles
 g - a dart of frost (quivered)
Armour
 e - a +0 elven robe (worn)
 i - a +0 elven shield
Comestibles
 c - a bread ration
 f - a choko
Scrolls
 b - a scroll of identify {unknown}
 d - 2 scrolls of fear {unknown}
 h - a scroll of blinking
 k - a scroll of remove curse
 l - a scroll of curse armour {unknown}
 m - a scroll of fog {unknown}
 q - a scroll of enchant weapon II {unknown}
Potions
 p - a potion of degeneration {unknown}
Books
 o - a book of Frost

   Spells                             Type                      Level
   *Freeze                            Ice                          1
   *Throw Frost                       Conjuration/Ice              2
   Ozocubu's Armour                   Charms/Ice                   3
   Throw Icicle                       Conjuration/Ice              4
   Summon Ice Beast                   Ice/Summoning                4
   Condensation Shield                Ice                          4


   Skills:
 - Level 2.4 Dodging
 - Level 2.4 Stealth
 - Level 3.0 Spellcasting
 - Level 1.1 Conjurations
 * Level 5.9 Ice Magic


You had 6 spell levels left.
You knew the following spells:

 Your Spells              Type           Power        Failure   Level  Hunger
a - Freeze                Ice            ####         1%          1    None
b - Throw Frost           Conj/Ice       ###...       6%          2    ##.....


Dungeon Overview and Level Annotations

Branches:
Dungeon (3/16)

Altars:


Message History

You see here an orc corpse.
You open the door.
There is an open door here.
The orc barely misses you.
There is a stone staircase leading up here.
Things that are here:
an orcish dagger; 2 tomahawks The orc hits you but does no damage.
You climb upwards.
There is a stone staircase leading down here.
Unknown command.
Casting: Freeze
Confirm with . or Enter, or press ? or * to list all spells.
Aiming: Throw Frost
Press: ? - help, Shift-Dir - straight line, f - orc
Aim: an orc, wielding an orcish war axe The puff of frost hits the orc.
The orc is severely wounded.
The orc hits you with an orcish war axe!
You die...

....# ###..## #.##.#≈# ###'#####
###...##########..#.### #.......#
#.......#.............. #.......#
#.......#.........##(##
#.......###.......#..#####.[....#
'.......#.........#..#?![#......#
#.......#.#.......#..#((?#......#
#.......#>#..........#$$[#......#
#.........#.....@.#..#####......#
#.........#....o..#.............'
#.....#.#.#######...............#
#.........# ##########......#
#.....#.#.# #......# #####.....#
######## #######


You could see an orc.

Vanquished Creatures
  An orc wizard (D:3)
  3 adders (D:2)
  A giant mite (D:2)
  2 giant geckos
  An ooze (D:2)
  2 orcs (D:3)
  4 bats (D:1)
  3 giant cockroaches
  8 goblins
  4 hobgoblins
  6 kobolds
  2 giant newts
  10 rats
47 creatures vanquished.

Notes
Turn   | Place    | Note
--------------------------------------------------------------
     0 | D:1      | Jenx, the Deep Elf Ice Elementalist, began the quest for the Orb.
     0 | D:1      | Reached XP level 1. HP: 10/10 MP: 5/5
   327 | D:1      | Reached XP level 2. HP: 12/15 MP: 4/8
   341 | D:1      | Learned a level 2 spell: Throw Frost
   345 | D:1      | Reached skill level 4 in Ice Magic
  1050 | D:2      | Reached XP level 3. HP: 16/19 MP: 0/10
  1120 | D:2      | Reached skill level 5 in Ice Magic
  1642 | D:2      | Reached XP level 4. HP: 20/24 MP: 10/13
  2005 | D:2      | Slain by an orc

Action                   |  1- 3 |  4- 6 || total
-------------------------+-------+-------++-------
Melee: Unarmed           |     2 |       ||     2
       Short sword       |    40 |     3 ||    43
Throw: Dart              |     8 |       ||     8
 Cast: Freeze            |    19 |     3 ||    22
       Throw Frost       |    32 |    12 ||    44
  Use: Scroll            |     2 |       ||     2
       Potion            |     1 |     1 ||     2
 Stab: Sleeping          |     1 |       ||     1
